 Dungeon Crawl Stone Soup version 0.27.0-1-g7a089689b8 (webtiles) character file.

Game seed: 3336854786012624713

58 pkoi the Ruffian (level 3, 0/27 HPs)
             Began as a Draconian Monk on Aug 10, 2021.
             Was a Priest of Hepliaklqana.
             Succumbed to an orc wizard's poison
             ... on level 2 of the Dungeon.
             The game lasted 00:01:45 (1685 turns).

pkoi the Ruffian (Draconian Monk)                   Turns: 1685, Time: 00:01:46

Health: 0/27       AC:  5    Str: 14    XL:     3   Next: 76%
Magic:  3/3        EV: 12    Int: 10    God:    Hepliaklqana [***...]
Gold:   53         SH:  0    Dex: 13    Spells: 2/2 levels left

rFire    . . .     SeeInvis .     - Unarmed
rCold    . . .     Faith    .   (no shield)
rNeg     . . .     Spirit   .   (armour unavailable)
rPois    .         Reflect  .   (helmet restricted)
rElec    .         Harm     .   (no cloak)
rCorr    .         Rampage  .   (no gloves)
Will     .....                  (no boots)
Stlth    +.........             (no amulet)
HPRegen  0.09/turn              (no ring)
MPRegen  0.08/turn              (no ring)

@: confused, lethally poisoned (0 -> -2)
A: reduced essence, AC +5, unfitting armour, cold-blooded
a: Renounce Religion, Recall Ancestor, Ancestor Identity, Transference


You were on level 2 of the Dungeon.
You worshipped Hepliaklqana.
Hepliaklqana was most pleased with you.
You visited 1 branch of the dungeon, and saw 2 of its levels.

You collected 53 gold pieces.

Inventory:

Wands
 f - a wand of polymorph (6)
Scrolls
 a - a scroll of noise {unknown}
 b - 3 scrolls of teleportation {unknown}
 h - a scroll of magic mapping {unknown}
 i - a scroll of enchant weapon {unknown}
Potions
 c - 2 potions of lignification {unknown}
 d - a potion of berserk rage {unknown}
 e - 3 potions of cancellation {unknown}
 g - a potion of heal wounds {unknown}


   Skills:
 - Level 3.2 Fighting
 - Level 2.6 Dodging
 - Level 1.7 Stealth
 + Level 4.6 Unarmed Combat
 + Level 1.0 Invocations


You had 2 spell levels left.
You didn't know any spells.
Your spell library was empty.

Dungeon Overview and Level Annotations

Branches:
Dungeon (2/15)

Altars:
Hepliaklqana


Innate Abilities, Weirdness & Mutations

Your life essence is reduced to manifest your ancestor. (-10% HP)
Your plain brown scales are hard. (AC +5)
You cannot fit into any form of body armour.
You are cold-blooded and may be slowed by cold attacks.


Message History

You are too confused!
You are too confused!
You are too confused!
You are too confused!
You are too confused!
You are too confused!
You are too confused!
You are too confused!
You are too confused!
You are too confused!
You are too confused!
You are too confused!
Gaius blocks your attack.
The orc wizard hits you with a +2 dagger of venom.
You are poisoned.
You bump into the rock wall.
You feel very sick. The orc wizard casts a spell at you.
You are more confused.
Unknown command.
You bump into the rock wall.
You feel very sick. The orc wizard closely misses you.
Unknown command.
You bump into the rock wall.
You feel sick. The orc wizard misses you.
You bump into the rock wall.
You feel sick. The orc wizard casts a spell at you.
You are more confused.
You bump into the rock wall.
You feel sick.
The orc wizard gestures at you while chanting.
The magic dart hits you.
* * * LOW HITPOINT WARNING * * *
* * * LOW HITPOINT WARNING * * *
You feel sick.
The orc wizard points at you and mumbles some strange words.
The magic dart hits Gaius.
* * * LOW HITPOINT WARNING * * *
You feel sick.
Gaius closely misses the orc wizard.
The orc wizard hits Gaius with a +2 dagger of venom.
You die...

#.# ....... #.#
....... #.# .......
#.# ......o #.#
......o######.# #.#
#R)...... #.#
#####.#####.# #.#
#...#.#### #.#
#.<.#@...# #.#
#>..#....# #.#
#....>...# #.#
#...#....# #.#
##+#...#.# #.#
#.#...#.# #.#
#.#...#.#
##.########.#...#.#
###.............>.#.#
######


You could see the friendly Gaius the knight, an orc wizard (ally target) and an
orc.

Vanquished Creatures
  A worm (D:2)
  2 orcs (D:2)
  5 ball pythons
  3 bats (D:1)
  3 endoplasms (D:1)
  2 giant cockroaches
  7 goblins
  7 hobgoblins (D:1)
  4 jackals
  2 quokkas (D:1)
  A frilled lizard (D:1)
  4 kobolds
  4 rats (D:1)
45 creatures vanquished.

Vanquished Creatures (collateral kills)
  A ball python (D:2)
  A goblin (D:2)
2 creatures vanquished.

Vanquished Creatures (others)
  A plant (D:1)
1 creature vanquished.

Grand Total: 48 creatures vanquished

Notes
Turn   | Place    | Note
-------+----------+-------------------------------------------
     0 | D:1      | pkoi the Draconian Monk began the quest for the Orb.
     0 | D:1      | Reached XP level 1. HP: 19/19 MP: 1/1
    63 | D:1      | Reached XP level 2. HP: 5/26 MP: 2/2
   469 | D:1      | Reached skill level 4 in Unarmed Combat
   673 | D:1      | Reached XP level 3. HP: 28/31 MP: 3/3
   895 | D:1      | Found a faded altar of an unknown god.
   905 | D:1      | Became a worshipper of Hepliaklqana the Forgotten
   905 | D:1      | Reached * piety under Hepliaklqana
   905 | D:1      | Reached ** piety under Hepliaklqana
  1030 | D:1      | Remembered your ancestor Gaius as a knight
  1413 | D:2      | Reached *** piety under Hepliaklqana
  1675 | D:2      | Reached skill level 1 in Invocations
  1684 | D:2      | HP: 1/27 [poisoned by an orc wizard]
  1685 | D:2      | Succumbed to an orc wizard's poison

Illustrated notes

Levels and vault maps discovered:
D:1:      elethiomel_arrival_quiet, layout_basic,
          shapermc_ecumenical_altar_acropolis, minmay_close_crescents
D:2:      layout_basic, basic_altar

Skill      XL: |  1  2  3 |
---------------+----------+-----
Unarmed Combat | 4 |  4.6
Invocations    | 1 |  1.0
Fighting       | |  3.2
Dodging        | |  2.6
Stealth        | |  1.7

Action                   || total
-------------------------++-------
Melee: Unarmed           ||   132
       Tailslap          ||    13
       Punch             ||     2
Invok: Ancestor Life: Kn ||     1
 Stab: Sleeping          ||     4
Armor: Skin              ||    55
Dodge: Dodged            ||   114
